 Dungeon Crawl Stone Soup version 0.31-a0-963-ga325b2283a (webtiles) character file.

Game seed: 11286745939487657760

9475 Sanktem7 the Cleaver (level 11, -4/97 HPs)
             Began as a Minotaur Fighter on Oct 25, 2023.
             Was an Elder of Okawaru.
             Slain by a manticore (12 damage)
             ... on level 11 of the Dungeon.
             The game lasted 00:22:26 (10465 turns).

Sanktem7 the Cleaver (Minotaur Fighter)            Turns: 10465, Time: 00:22:26

Health: -4/97      AC: 18    Str: 30    XL:     11   Next: 23%
Magic:  10/10      EV:  9    Int: 10    God:    Okawaru [****..]
Gold:   438        SH:  0    Dex: 10    Spells: 10/10 levels left

rFire   x . .        u - +5 Lochaber axe {reach-cleave, Poleaxe Drain}
rCold   + . .        (shield currently unavailable)
rNeg    + . .        w - +0 chain mail
rPois   +            (helmet restricted)
rElec   .            v - +2 cloak {rPois}
rCorr   .            K - +0 pair of gloves
SInv    .            l - +1 pair of boots
Will    +....        (no amulet) Stlth
                     r - ring "Jykluost" {rF- rC+ rN+ Will+ Dex+2}
HPRegen 0.36/turn    b - +6 ring of intelligence
MPRegen 0.12/turn

%: no passive effects
@: no status effects
A: horns 2, retaliatory headbutt, strong 1, wild magic 1
a: Renounce Religion, Heroism, Finesse


You were on level 11 of the Dungeon.
You worshipped Okawaru.
Okawaru was greatly pleased with you.
You visited 2 branches of the dungeon, and saw 12 of its levels.
You also visited: Sewer and Ossuary.

You collected 564 gold pieces.
You spent 126 gold pieces at shops.


Innate Abilities, Weirdness & Mutations

You have a pair of horns on your head.
You reflexively headbutt those who attack you in melee.
Your muscles are strong. (Str +4, Int/Dex -1)
Your spells are a little harder to cast, but a little more powerful.


   Skills:
 + Level 9.6 Fighting
 * Level 12.5 Axes
 + Level 7.1 Throwing
 + Level 9.2 Armour
 + Level 9.2 Shields


You had 10 spell levels left.
You didn't know any spells.
Your spell library contained the following spells:

 Spells                   Type           Power      Damage    Failure   Level
 Blink                    Tloc           0%         N/A       92%         2
 Lesser Beckoning         Tloc           0%         N/A       92%         2
 Momentum Strike          Conj/Tloc      0%         3d8       92%         2
 Inner Flame              Hex/Fire       0%         N/A       99%         3
 Manifold Assault         Tloc           0%         N/A       100%        4
 Vhi's Electric Charge    Tloc/Air       0%         N/A       100%        4
 Arcjolt                  Conj/Air       0%         1d10      100%        5
 Yara's Violent Unravell  Hex/Tmut       0%         3d3       100%        5
 Dispersal                Tloc           0%         N/A       100%        6
 Plasma Beam              Fire/Air       0%         2x1d10    100%        6
 Enfeeble                 Hex            0%         N/A       100%        7
 Disjunction              Tloc           0%         N/A       100%        8

Inventory:

Hand Weapons
 a - the +7 whip of Obiter Dictum {antimagic, rPois rN+ Str-5 Int+5, mace}
   (You found it on level 5 of the Dungeon)

   Str-5:     It affects your strength (-5).
   Int+5:     It affects your intelligence (+5).
   rPois:     It protects you from poison rN+: It protects you from negative
   energy.
 f - the +8 short sword of Fear {freeze, rC+, short}
   (You found it on level 8 of the Dungeon)

   rC+:       It protects you from cold.
 t - a +1 broad axe of draining {axe}
   (You found it on level 5 of the Dungeon)
 u - the +5 Lochaber axe (weapon) {reach-cleave, Poleaxe Drain}
   (You found it on level 3 of the Dungeon)

   Poleaxe:   It uses either Axes or Polearms skill, whichever is higher.
   Drain:     It drains your maximum health when unequipped.
Missiles
 g - 27 stones {throwing}
 h - a curare-tipped dart {=fthrowing}
 n - 20 poisoned darts (quivered) {throwing}
 E - 2 throwing nets {=f!fthrowing}
 H - 3 javelins {throwing}
 I - 10 boomerangs {throwing}
Armour
 l - a +1 pair of boots (worn)
   (You found it on level 5 of the Dungeon)
 v - a +2 cloak of poison resistance (worn)
   (You found it on level 4 of the Dungeon)
 w - a +0 chain mail (worn)
   (You bought it in a shop on level 4 of the Dungeon)
 x - a +0 tower shield
   (You bought it in a shop on level 4 of the Dungeon)
 K - a +0 pair of gloves (worn)
   (You found it on level 10 of the Dungeon)
Jewellery
 b - a +6 ring of intelligence (right hand)
   (You took it off an orc on level 8 of the Dungeon)
 r - the ring "Jykluost" (left hand) {rF- rC+ rN+ Will+ Dex+2}
   (You acquired it in an ossuary)

   [ring of willpower]

   Dex+2:     It affects your dexterity (+2).
   rF-:       It makes you vulnerable to fire.
   rC+:       It protects you from cold.
   rN+:       It protects you from negative energy.
   Will+:     It increases your willpower.
Wands
 j - a wand of flame (11)
   (You took it off an orc priest on level 8 of the Dungeon)
 G - a wand of digging (7)
   (You found it on level 6 of the Dungeon)
Scrolls
 k - a scroll of blinking {!r}
 m - 2 scrolls of immolation {!r!r}
 q - 3 scrolls of teleportation {@r4}
 y - 2 scrolls of fear
 D - a scroll of vulnerability {!r!r}
 J - a scroll of identify {@r1}
 L - a scroll of revelation
Potions
 c - 2 potions of curing {@q1}
 d - 3 potions of might
 e - 3 potions of cancellation
 i - 8 potions of lignification {!q}
 o - 3 potions of brilliance
 p - 7 potions of degeneration {!q@e2}
 s - 2 potions of heal wounds {@q2}
 z - a potion of enlightenment {unknown}
 A - a potion of resistance
 B - a potion of magic
 C - a potion of ambrosia
 F - a potion of attraction {unknown}
 M - a potion of invisibility {unknown}

Dungeon Overview and Level Annotations

Branches:
Dungeon (11/15) Zot: 26873  Temple (1/1) D:7 Zot: 5961    Lair (0/5) D:8
    Orc (0/2) D:10          Sewer (visited)         Ossuary (visited)

Altars:
Ashenzari
Cheibriados
Dithmenos
Elyvilon
Fedhas
Gozag
Hepliaklqana
Kikubaaqudgha
Makhleb
Nemelex Xobeh
Okawaru
Qazlal
Ru
Sif Muna
Trog
Uskayaw
Vehumet
Wu Jian
Xom
Yredelemnul
Zin
The Shining One
Lugonu

Shops:
D:4 [****

Annotations:
D:3 2 transporters, Menkaure
D:9 2 transporters

#........
#.........
#!........
..........
#....!~≈≈~
#.....~≈≈~
+H....S≈≈≈ #
#@.....~~~
#.#......... .
#.#.....^... .#
.###.....##+####.
.........##.##...
....###..##....####
.... #..##.......#
...
#......####.#####
..
#................


You could see a manticore and an electric eel.


Message History

😕 HP[+1]
You slash the orc priest!
You kill the orc priest!
Okawaru accepts your kill.
You barely miss the orc. The orc hits you but does no damage.
You slice the orc!!
You kill the orc!
Okawaru accepts your kill. 😕 HP[+1]
Things that are here:
a +0 club {mace}; a +2 whip of flaming {mace}; an orc corpse Key pressed, stopping explore.
Things that are here:
a +0 short sword {short}; a +0 plate armour
d - 3 potions of might (gained 1)
Found a stone staircase leading down. 😎 HP[+22]
Your hp is fully restored (97).
You now have 438 gold pieces (gained 5).
A manticore and an electric eel come into view.
The electric eel shoots out a bolt of lightning at you!
The bolt of electricity hits you. 😕 HP[-6]
You take 6 damage, and now have 91/97 hp.
There are monsters nearby!
There are monsters nearby!
The manticore flicks its tail.
The volley of spikes hits you but does no damage. 😕 HP[+1]
The manticore flicks its tail.
The volley of spikes hits you!
The barbed spikes become lodged in your body.
The electric eel shoots out a bolt of lightning at you!
The bolt of electricity hits you. 😕 HP[-9]
You take 9 damage, and now have 83/97 hp.
The barbed spikes dig painfully into your body as you move.
The manticore bites you but does no damage.
The manticore claws you but does no damage.
The manticore claws you.
The electric eel shoots out a bolt of lightning at you!
The bolt of electricity misses you. 😕 HP[-8]
You take 8 damage, and now have 75/97 hp.
You slash the manticore! The manticore bites you.
The manticore closely misses you. x2; The manticore bites you.
The manticore barely misses you. The manticore claws you. 😮 HP[-10]
You take 10 damage, and now have 65/97 hp.
You closely miss the manticore.
The electric eel shoots out a bolt of lightning at you!
The bolt of electricity hits you!
The manticore bites you but does no damage.
The manticore claws you. x2 😮 HP[-16]
You take 16 damage, and now have 49/97 hp.
You hit the manticore.
You headbutt the manticore, but do no damage.
The manticore bites you but does no damage.
The manticore claws you.
* * * LOW HITPOINT WARNING * * *
The manticore claws you but does no damage. 😨 HP[-1]
You take 1 damage, and now have 48/97 hp.
You slice the manticore!! Your headbutt misses the manticore.
You carefully extract the barbed spikes from your body.
The manticore barely misses you. The manticore claws you.
* * * LOW HITPOINT WARNING * * *
The manticore claws you but does no damage.
The electric eel shoots out a bolt of lightning at you!
The bolt of electricity hits you.
* * * LOW HITPOINT WARNING * * *
The manticore bites you.
* * * LOW HITPOINT WARNING * * *
The manticore barely misses you.
The manticore claws you but does no damage.
The electric eel shoots out a bolt of lightning at you!
The bolt of electricity hits you!
* * * LOW HITPOINT WARNING * * *
😨 HP[-16]
You take 16 damage, and now have 32/97 hp.
You barely miss the manticore.
The electric eel shoots out a bolt of lightning at you!
The bolt of electricity hits you!
* * * LOW HITPOINT WARNING * * *
The manticore closely misses you. You furiously retaliate!
You headbutt the manticore. The manticore closely misses you.
The manticore claws you but does no damage. 😱 HP[-10]
You take 10 damage, and now have 22/97 hp.
You slash the manticore! The manticore bites you!
* * * LOW HITPOINT WARNING * * *
The manticore claws you but does no damage. x2 😱 HP[-15]
You take 15 damage, and now have 7/97 hp.
You barely miss the manticore.
The manticore bites you but does no damage.
The manticore claws you but does no damage. x2
The manticore bites you!
You die...

Skill      XL: |  1  2  3  4  5  6  7  8  9 10 11 |
---------------+----------------------------------+-----
Axes           | 3 4 5 7 8 10 12 | 12.5
Fighting       | 4 5 6 8 9 |  9.6
Shields        | 4 5 6 7 9 |  9.2
Armour         | 4 5 6 7 8 9 |  9.2
Throwing       | 1 2 3 4 5 6 7 |  7.1

Action                     |  1- 3 |  4- 6 |  7- 9 | 10-12 || total
---------------------------+-------+-------+-------+-------++-------
  Melee: War axe           |    66 |    53 |       |       ||   119
         Headbutt          |     5 |    12 |    15 |    20 ||    52
         Lochaber axe      |       |    16 |   205 |   176 ||   397
  Throw: Dart              |       |       |       |    13 ||    13
    Use: Scroll            |       |       |    27 |     3 ||    30
         Potion            |       |       |     3 |       ||     3
 Armour: Scale mail        |    35 |    91 |     9 |       ||   135
         Chain mail        |       |       |   244 |   285 ||   529
  Dodge: Dodged            |    32 |    40 |   112 |   114 ||   298
  Block: Buckler           |    17 |    23 |       |       ||    40

Levels and vault maps discovered:
D:1:      saegor_arrival_simple_a, layout_loops_ring
D:2:      layout_loops_cross, hellmonk_ecumenical_altar_zigzags,
          minmay_fractal_squares_gapless_5
D:3:      wander_river, layout_rooms, grunt_gozag_breadcrumbs,
          gammafunk_temple_of_torment, nicolae_the_louvre, uniq_sigmund,
          uniq_jessica
D:4:      layout_basic, nicolae_overflow_crystal_walls,
          grunt_temple_overflow_open, serial_shops, shop,
          nicolae_shop_hallway_plus, shop, nicolae_shop_rolling_square,
          nicolae_shop_overcharged_wands, uniq_duvessa
D:5:      layout_gridville, nicolae_ossuary_entry_plus
D:6:      layout_cave_pods, portal_sewer_entry_a
D:7:      layout_cave_pools, mainiacjoe_overflow_alcove_3,
          minmay_temple_entry_junction
D:8:      layout_layer_cave, kennysheep_mini_moat, hangedman_ru_absence,
          erik_lair_orcish_takeover, serial_demonic, serial_demonic_e,
          serial_demonic_d, serial_demonic_e, serial_demonic_b
D:9:      gammafunk_steamed_eel, layout_basic
D:10:     layout_roguey, erik_orc_1
D:11:     layout_basic, enter_trove_2, serial_shops, shop, uniq_psyche,
          uniq_grum
Temple:   kb_corrupted_temple

Notes
Turn   | Place    | Note
-------+----------+-------------------------------------------
     0 | D:1      | Sanktem7 the Minotaur Fighter began the quest for the Orb.
     0 | D:1      | Reached XP level 1. HP: 19/19 MP: 0/0
     0 | D:1      | magus.rc [v1.9.6]
   102 | D:1      | Reached XP level 2. HP: 27/27 MP: 1/1
   269 | D:1      | Reached skill level 3 in Axes
   597 | D:2      | Reached skill level 4 in Fighting
   597 | D:2      | Reached skill level 4 in Shields
   621 | D:2      | Reached XP level 3. HP: 33/33 MP: 2/2
   652 | D:2      | Found a faded altar of an unknown god.
   657 | D:2      | Reached skill level 4 in Armour
  1146 | D:2      | Reached XP level 4. HP: 40/40 MP: 3/3
  1307 | D:3      | Reached skill level 1 in Throwing
  1322 | D:2      | HP: 10/40 [gnoll/+0 spear (5)]
  1332 | D:2      | HP: 8/40 [gnoll/+0 spear (2)]
  1472 | D:2      | Reached skill level 4 in Axes
  1752 | D:3      | Found an opulent altar of Gozag.
  1783 | D:3      | Noticed Sigmund
  1788 | D:3      | Killed Sigmund
  1789 | D:3      | Reached XP level 5. HP: 38/47 MP: 4/4
  1789 | D:3      | Reached XP level 6. HP: 44/55 MP: 5/5
  1897 | D:3      | Reached skill level 5 in Axes
  1912 | D:3      | Reached skill level 2 in Throwing
  2037 | D:3      | Noticed Jessica
  2041 | D:3      | Killed Jessica
  2078 | D:3      | Found the +5 Lochaber axe {reach-cleave, Poleaxe Drain}
  2095 | D:3      | Found a transporter.
  2095 | D:3      | Found a transporter.
  2128 | D:3      | Found an ancient bone altar of Kikubaaqudgha.
  2129 | D:3      | Noticed Menkaure
  2138 | D:3      | Found a basalt altar of Yredelemnul.
  2223 | D:4      | Found a shimmering blue altar of Sif Muna.
  2254 | D:4      | Found a shadowy altar of Dithmenos.
  2254 | D:4      | Found a broken altar of Ashenzari.
  2296 | D:4      | Reached skill level 5 in Fighting
  2296 | D:4      | Reached skill level 5 in Shields
  2327 | D:4      | Noticed Duvessa
  2328 | D:4      | Noticed Dowan
  2334 | D:4      | Killed Dowan
  2335 | D:4      | Reached skill level 5 in Armour
  2335 | D:4      | Killed Duvessa
  2336 | D:4      | Reached XP level 7. HP: 49/61 MP: 6/6
  2407 | D:4      | Found a snail-covered altar of Cheibriados.
  2458 | D:4      | Reached skill level 6 in Axes
  2559 | D:4      | Found Uthrac's Overcharged Wands.
  2685 | D:4      | Found Ijasetogin's General Store.
  2830 | D:4      | Found Saar's Armour Shoppe.
  2836 | D:4      | Bought a +0 chain mail for 63 gold pieces
  2836 | D:4      | Bought a +0 tower shield for 63 gold pieces
  2946 | D:4      | Found Cohosm's General Store.
  2980 | D:4      | Found Heaso's Assorted Antiques.
  3072 | D:5      | Entered Level 5 of the Dungeon
  3106 | D:5      | Reached skill level 3 in Throwing
  3281 | D:5      | Found a sand-covered staircase.
  3289 | Ossuary  | Entered an ossuary
  3289 | Ossuary  | Noticed a wraith
  3289 | Ossuary  | Noticed a wraith
  3289 | Ossuary  | Noticed a wraith
  3461 | Ossuary  | Noticed a wraith
  3464 | Ossuary  | Killed a wraith
  3465 | Ossuary  | Reached skill level 6 in Fighting
  3465 | Ossuary  | Reached skill level 7 in Axes
  3465 | Ossuary  | Reached XP level 8. HP: 55/70 MP: 7/7
  3739 | Ossuary  | Identified a scroll of acquirement
  3739 | Ossuary  | Acquired the ring "Jykluost" {rF- rC+ rN+ Will+ Dex+2}
  3942 | D:5      | Reached skill level 6 in Armour
  3942 | D:5      | Reached skill level 6 in Shields
  4156 | D:5      | Reached skill level 4 in Throwing
  4511 | D:5      | Reached skill level 8 in Axes
  4559 | D:5      | Identified the +7 whip of Obiter Dictum {antimagic, rPois
                  | rN+ Str-5 Int+5}
  4681 | D:6      | Reached XP level 9. HP: 67/78 MP: 8/8
  4684 | D:6      | HP: 15/77 [gnoll bouda/+0 whip (5)]
  4931 | D:6      | Reached skill level 7 in Fighting
  4994 | D:6      | Found a glowing drain.
  5008 | Sewer    | Entered a sewer
  5083 | Sewer    | Noticed Pargi
  5087 | Sewer    | Killed Pargi
  5203 | D:6      | Reached skill level 9 in Axes
  5203 | D:6      | Reached skill level 7 in Shields
  5319 | D:6      | Reached skill level 7 in Armour
  5549 | D:6      | Reached skill level 5 in Throwing
  6078 | D:7      | Found a staircase to the Ecumenical Temple.
  6087 | Temple   | Entered the Ecumenical Temple
  6107 | Temple   | Became a worshipper of Warmaster Okawaru
  6208 | D:7      | Found an ornate altar of the Wu Jian Council.
  6209 | D:7      | Found a radiant altar of Vehumet.
  6211 | D:7      | Found a blossoming altar of Fedhas.
  6211 | D:7      | Found a hazy altar of Hepliaklqana.
  6312 | D:7      | Reached skill level 10 in Axes
  6400 | D:7      | You pick up a book of Spatial Translocations and begin
                  | reading...
  6400 | D:7      | You add the spells Blink, Momentum Strike and Lesser
                  | Beckoning to your library.
  6668 | D:7      | Gained mutation: Your magical capacity is low. (-10% MP)
                  | [potion of mutation]
  6668 | D:7      | Lost mutation: Your magical capacity is low. (-10% MP)
                  | [potion of mutation]
  6669 | D:7      | Gained mutation: Your muscles are strong. (Str +4, Int/Dex
                  | -1) [potion of mutation]
  6669 | D:7      | Gained mutation: Your spells are a little harder to cast,
                  | but a little more powerful. [potion of mutation]
  6735 | D:8      | Reached skill level 8 in Fighting
  6781 | D:8      | Identified the +8 short sword of Fear {freeze, rC+}
  6794 | D:8      | Noticed a two-headed ogre
  6799 | D:8      | HP: 13/81 [two-headed ogre/+0 giant spiked club (18)]
  6799 | D:8      | HP: 1/81 [orc warrior/+0 scimitar (12)]
  7044 | D:8      | Killed a two-headed ogre
  7044 | D:8      | Reached * piety under Okawaru
  7045 | D:8      | Reached XP level 10. HP: 47/88 MP: 9/9
  7046 | D:8      | Reached skill level 8 in Shields
  7297 | D:8      | Reached skill level 8 in Armour
  7306 | D:8      | Reached ** piety under Okawaru
  7350 | D:8      | Reached skill level 6 in Throwing
  7497 | D:8      | Found a staircase to the Lair.
  7523 | D:8      | Found a sacrificial altar of Ru.
  7561 | D:8      | Reached skill level 11 in Axes
  7764 | D:8      | Found a stormy altar of Qazlal.
  7793 | D:8      | You pick up a book of Spatial Translocations and begin
                  | reading...
  8251 | D:9      | Noticed a two-headed ogre
  8255 | D:9      | Killed a two-headed ogre
  8255 | D:9      | Reached *** piety under Okawaru
  8404 | D:9      | Reached skill level 9 in Fighting
  8945 | D:9      | Found a transporter.
  8957 | D:9      | You pick up a book of the Warp and begin reading...
  8957 | D:9      | You add the spells Manifold Assault, Dispersal and
                  | Disjunction to your library.
  8997 | D:9      | Found a transporter.
  9092 | D:9      | Reached skill level 12 in Axes
  9406 | D:10     | Entered Level 10 of the Dungeon
  9415 | D:10     | You pick up a book of Misfortune and begin reading...
  9415 | D:10     | You add the spells Inner Flame, Yara's Violent Unravelling
                  | and Enfeeble to your library.
  9512 | D:10     | Reached **** piety under Okawaru
  9516 | D:10     | Reached skill level 9 in Shields
  9516 | D:10     | Reached XP level 11. HP: 96/97 MP: 10/10
  9525 | D:10     | Reached skill level 9 in Armour
  9558 | D:10     | Found a staircase to the Orcish Mines.
  9795 | D:10     | You pick up a book of Lightning and begin reading...
  9795 | D:10     | You add the spells Vhi's Electric Charge, Arcjolt and
                  | Plasma Beam to your library.
  9839 | D:10     | Reached skill level 7 in Throwing
 10346 | D:11     | Noticed Grum
 10352 | D:11     | Killed Grum
 10463 | D:11     | HP: 22/97 [electric eel/bolt of electricity (11)]
 10464 | D:11     | HP: 7/97 [manticore (15)]
 10465 | D:11     | Slain by a manticore

Vanquished Creatures
  2 two-headed ogres
  An unseen horror (D:8)
  A komodo dragon (D:10)
  2 trolls
  Sigmund (D:3)
  3 yaks (D:10)
  A wyvern (D:9)
  A wraith (Ossuary)
  Grum (D:11)
  2 steam dragons
  3 wargs (D:8)
  A water moccasin (D:7)
  Duvessa (D:4)
  8 orc warriors
  2 black bears
  Pargi (Sewer)
  A swamp drake (D:10)
  An ice beast (D:5)
  3 ogres (D:6)
  2 wolves (D:11)
  2 phantoms
  A centaur (D:7)
  3 kobold brigands
  A bullfrog (D:9)
  2 gnoll sergeants (D:9)
  A scorpion (D:4)
  24 wights
  Dowan (D:4)
  10 killer bees
  2 howler monkeys
  A quasit (D:8)
  2 hounds
  9 orc priests
  A gnoll bouda (D:6)
  A human zombie (Ossuary)
  3 jellies
  Jessica (D:3)
  3 iguanas
  2 sleepcaps
  11 orc wizards
  3 mummies (Ossuary)
  17 gnolls
  8 adders
  2 river rats (D:6)
  A shadow imp (D:8)
  7 white imps
  4 ufetubi
  4 worms
  54 orcs
  8 endoplasms
  9 giant cockroaches
  5 goblins
  8 hobgoblins
  5 jackals
  4 quokkas
  9 ball pythons
  4 bats
  2 frilled lizards (D:2)
  4 goblin zombies (Ossuary)
  3 hobgoblin zombies (Ossuary)
  22 kobolds
  A kobold zombie (Ossuary)
  5 rats
308 creatures vanquished.

Table legend:
 A = Non-vault XP
 B = Vault XP
 C = Vault XP percentage of total XP
 D = Non-vault monster count
 E = Vault monster count
 F = Vault count percentage of total count
                 A         B        C        D         E       F
            +---------+---------+-------+---------+---------+-------
      Total |   10863 |    2674 |  19.8 |     241 |      67 |  21.8
            +---------+---------+-------+---------+---------+-------
        D:1 |      24 |       0 |   0.0 |      15 |       0 |   0.0
        D:2 |     100 |      23 |  18.7 |      25 |       4 |  13.8
        D:3 |      71 |     263 |  78.7 |      22 |       2 |   8.3
        D:4 |     289 |     210 |  42.1 |      17 |       2 |  10.5
        D:5 |    1131 |       0 |   0.0 |      32 |       0 |   0.0
        D:6 |    1737 |      33 |   1.9 |      37 |       5 |  11.9
        D:7 |     498 |       0 |   0.0 |      12 |       0 |   0.0
        D:8 |    2368 |     734 |  23.7 |      24 |      17 |  41.5
        D:9 |    2301 |       0 |   0.0 |      32 |       0 |   0.0
       D:10 |    2126 |     555 |  20.7 |      20 |      17 |  45.9
       D:11 |     218 |     419 |  65.8 |       5 |       3 |  37.5
      Sewer |       0 |     134 | 100.0 |       0 |       4 | 100.0
    Ossuary |       0 |     303 | 100.0 |       0 |      13 | 100.0
            +---------+---------+-------+---------+---------+-------

Skill      XL: |  1  2  3  4  5  6  7  8  9 10 11 |
---------------+----------------------------------+-----
Axes           | 3 4 5 7 8 10 12 | 12.5
Fighting       | 4 5 6 8 9 |  9.6
Shields        | 4 5 6 7 9 |  9.2
Armour         | 4 5 6 7 8 9 |  9.2
Throwing       | 1 2 3 4 5 6 7 |  7.1

Action                     |  1- 3 |  4- 6 |  7- 9 | 10-12 || total
---------------------------+-------+-------+-------+-------++-------
  Melee: War axe           |    66 |    53 |       |       ||   119
         Headbutt          |     5 |    12 |    15 |    20 ||    52
         Lochaber axe      |       |    16 |   205 |   176 ||   397
  Throw: Dart              |       |       |       |    13 ||    13
    Use: Scroll            |       |       |    27 |     3 ||    30
         Potion            |       |       |     3 |       ||     3
 Armour: Scale mail        |    35 |    91 |     9 |       ||   135
         Chain mail        |       |       |   244 |   285 ||   529
  Dodge: Dodged            |    32 |    40 |   112 |   114 ||   298
  Block: Buckler           |    17 |    23 |       |       ||    40

Illustrated notes

Table legend:
 A = Kills in this place as a percentage of kills in the entire game.
 B = Kills by you in this place as a percentage of kills by you in the entire game.
 C = Kills by friends in this place as a percentage of kills by friends in the entire game.
 D = Other kills in this place as a percentage of other kills in the entire game.
 E = Experience gained in this place as a percentage of experience gained in the entire game.
 F = Experience gained in this place divided by the number of levels of this place that you have seen.
                   A       B       C       D       E      F
               +-------+-------+-------+-------+-------+----------------------
         Total | 100.0 | 100.0 |   N/A |   N/A | 100.0 | 966.9
       Dungeon |  94.5 |  94.5 |   N/A |   N/A |  96.8 | 1190.9
         Sewer |   1.3 |   1.3 |   N/A |   N/A |   1.0 | 134.0
       Ossuary |   4.2 |   4.2 |   N/A |   N/A |   2.2 | 303.0
               +-------+-------+-------+-------+-------+----------------------

Table legend: (Time is in decaauts)
 A = Elapsed time spent in this place.
 B = Non-inter-level travel time spent in this place.
 C = Inter-level travel time spent in this place.
 D = Time resting spent in this place.
 E = Time spent auto-exploring this place.
 F = Levels seen in this place.
 G = Mean time per level.
                   A        B        C        D        E       F      G
               +--------+--------+--------+--------+--------+-----+--------+
         Total |  10748 |  10431 |    317 |    852 |   7434 |  14 |  767.7 |
       Dungeon |  10061 |   9744 |    317 |    852 |   6940 |  11 |  914.6 |
        Temple |     38 |     38 |      0 |      0 |      0 |   1 |   38.0 |
         Sewer |    156 |    156 |      0 |      0 |     96 |   1 |  156.0 |
       Ossuary |    492 |    492 |      0 |      0 |    398 |   1 |  492.0 |
               +--------+--------+--------+--------+--------+-----+--------+

Top non-repeatable levels by time:
     D:8: 1337 daAuts
     D:5: 1309 daAuts
     D:6: 1152 daAuts
     D:9: 1065 daAuts
    D:10: 961 daAuts
     D:7: 957 daAuts
     D:2: 884 daAuts
     D:4: 878 daAuts
     D:1: 718 daAuts
     D:3: 670 daAuts
 Ossuary: 492 daAuts
   Sewer: 156 daAuts
    D:11: 125 daAuts
  Temple: 38 daAuts
